AoeStats
← b_birds

Migration

507749752Analyzed
1v1 RM · 13d ago on Sep 19, 2026· 62m 7s· 2 players
Game mode
Random Map
Map size
132×132
Population
200
Speed
Normal
Resources
Standard
Victory
Conquest
Starting age
Dark Age
Ending age
Imperial Age
RankedLock teamsTeams togetherTeam positionsShared explorationLock speedFull tech treeHidden civsTurbo modeCheats
Victory
Defeat
🇬🇧 Chinese · United Kingdom
418
+12
🇨🇱 Goths · Chile
339
-12
Quasar
7:18 Loom
14:14 Feudal Age
15:46 Horse Collar
17:07 Double-Bit Axe
18:04 Man-at-Arms
20:35 Wheelbarrow
20:18 Scale Mail Armor
20:29 Forging
24:51 Forging
24:31 Fletching
24:43 Padded Archer Armor
28:39 Castle Age
28:44 Gold Mining
28:49 Stone Mining
29:55 Elite Skirmisher
31:28 Iron Casting
31:09 Chain Mail Armor
30:50 Bodkin Arrow
31:11 Leather Archer Armor
30:38 Pikeman
31:20 Squires
31:48 Medium Warships
32:06 Hand Cart
32:28 Fishing Lines
34:59 Gillnets
37:05 Heavy Plow
40:21 Imperial Age
38:29 Anarchy
39:00 Ballistics
41:40 Town Watch
44:17 Chemistry
45:22 Crop Rotation
45:08 Bow Saw
45:27 Town Patrol
46:44 Conscription
47:07 Halberdier
47:54 Perfusion
47:18 Elite Huskarl
50:21 Heavy Warships
b_birds
10:24 Feudal Age
12:40 Wheelbarrow
11:58 Double-Bit Axe
12:54 Fishing Lines
14:46 Gold Mining
14:57 Horse Collar
26:34 Castle Age
27:55 Gold Shaft Mining
27:11 Stone Mining
27:18 Stone Mining
27:23 Fletching
27:33 Padded Archer Armor
27:44 Forging
27:36 Scale Mail Armor
28:03 Bow Saw
27:58 Heavy Plow
27:53 Gillnets
28:22 Medium Warships
28:23 Thumb Ring
29:17 Stone Shaft Mining
28:50 Crossbowman
31:49 Leather Archer Armor
31:30 Bodkin Arrow
32:10 Iron Casting
31:51 Chain Mail Armor
31:12 Man-at-Arms
31:54 Squires
32:42 Long Swordsman
40:18 Imperial Age
39:53 Hand Cart
42:14 Blast Furnace
41:45 Plate Mail Armor
41:45 Ring Archer Armor
41:16 Bracer
41:23 Two-Handed Swordsman
43:45 Conscription
44:17 Elite Chu Ko Nu
44:44 Arbalester
44:48 Champion
47:59 Rocketry
47:40 Great Wall
49:30 Fervor
51:11 Chemistry
50:32 Ballistics
50:25 Clinker Construction
50:38 Shipwright
50:25 Siphons
50:36 Careening
50:13 Heavy Scorpion
Connection lost

Rejoining the realm…

Still unreachable

The connection could not be restored.

Session expired

The server has moved on; the page needs a fresh start.